AoeStats
← EoK_OrO_

Nomad

507173743Analyzed
4v4 RM · 17d ago on Sep 17, 2026· 21m 49s· 8 players
Game mode
Random Map
Map size
231×231
Population
200
Speed
Normal
Resources
Standard
Victory
Conquest
Starting age
Dark Age
Ending age
Imperial Age
RankedLock teamsTeams togetherTeam positionsShared explorationLock speedFull tech treeHidden civsTurbo modeCheats
Victory
Defeat
🇨🇦 Cumans · Canada
1675
+13
🇧🇷 Koreans · Brazil
1656
+14
🇧🇷 Dravidians · Brazil
1650
+14
🇭🇰 Italians · Hong Kong SAR China
1569
+17
🇨🇱 Armenians · Chile
1615
-15
🇧🇷 Italians · Brazil
1613
-15
🇨🇱 Tupi · Chile
1596
-14
🇦🇷 Vietnamese · Argentina
1592
-14
EoK_OrO_
5:09 Loom
14:09 Feudal Age
23:34 Castle Age
[CL] Libertaria
10:41 Loom
12:48 Feudal Age
17:22 Castle Age
16:10 Fletching
16:23 Double-Bit Axe
18:43 Bodkin Arrow
[CL] el mago del semen
7:32 Loom
12:25 Feudal Age
13:22 Loom
13:44 Double-Bit Axe
15:11 Fishing Lines
15:27 Gold Mining
16:03 Fletching
18:00 Wheelbarrow
24:15 Castle Age
[CL] Dubstepyzed
4:49 Loom
11:52 Feudal Age
13:13 Wheelbarrow
12:37 Double-Bit Axe
Fs.BlinkAoE
5:00 Loom
12:10 Feudal Age
12:21 Man-at-Arms
16:54 Scale Mail Armor
21:42 Horse Collar
白纸o
5:24 Loom
13:36 Feudal Age
18:34 Castle Age
17:11 Double-Bit Axe
18:51 Horse Collar
Fs.Kawan
5:43 Loom
13:11 Feudal Age
19:01 Fletching
Fs.Black_
12:21 Feudal Age
16:01 Castle Age
17:38 Fletching
18:55 Bodkin Arrow
22:00 Ballistics
21:37 Double-Bit Axe
Connection lost

Rejoining the realm…

Still unreachable

The connection could not be restored.

Session expired

The server has moved on; the page needs a fresh start.